 Dungeon Crawl Stone Soup version 0.17-a0-1504-gb7d9117 (webtiles) character file.

882 Fizybubbleh the Covert (level 8, 24/78 HPs)
             Began as a Human Enchanter on July 8, 2015.
             Was a Follower of Ashenzari.
             Quit the game on level 4 of the Dungeon.
             The game lasted 00:26:09 (6286 turns).

Fizybubbleh the Covert (Human Enchanter)            Turns: 6286, Time: 00:26:09

Health: 24/78      AC: 24    Str:  9    XL:     8   Next: 25%
Magic:  12/12      EV:  2    Int: 15    God:    Ashenzari [*.....]
Gold:   219        SH:  0    Dex: 16    Spells: 3 memorised, 6 levels left

rFire  . . .     SeeInvis .     g - +1 dagger (venom)
rCold  . . .     Clarity  .     (armour currently unavailable)
rNeg   + + +     SustAt   .     (no shield)
rPois  +         Gourm    .     (helmet currently unavailable)
rElec  .         Spirit   .     (cloak currently unavailable)
rCorr  .         Warding  .     (gloves currently unavailable)
rMut   .         NoTele   +     (boots currently unavailable)
MR     .....                    (no amulet)
Stlth  ++........               (no ring)
                                (no ring)

@: confused, lethally poisoned (24 -> -3), tree-form, not resistant to hostile
enchantments, unstealthy
A: no striking features
a: Renounce Religion


You were on level 4 of the Dungeon.
You worshipped Ashenzari.
Ashenzari was aware of your devotion.
You were not hungry.
You were a tree.
You visited 1 branch of the dungeon, and saw 5 of its levels.

You collected 219 gold pieces.

Inventory:

Hand weapons
 a - a +1 dagger
 g - a +1 dagger of venom (weapon)
Armour
 b - a cursed +1 robe (melded)
 q - a cursed +0 pair of boots (melded)
 r - a cursed +1 hat (melded)
Magical devices
 e - a wand of slowing (13)
Scrolls
 f - a scroll of curse jewellery
 m - 5 scrolls of identify
 o - a scroll of fog {unknown}
 p - a scroll of enchant weapon
 v - a scroll of teleportation {unknown}
Potions
 l - a potion of poison
 s - 2 potions of flight
Books
 c - a book of Maledictions

   Spells                             Type                      Level
   a - Corona                         Hexes                        1
   b - Ensorcelled Hibernation        Hexes/Ice                    2
   c - Confuse                        Hexes                        3
   d - Tukima's Dance                 Hexes                        3
   e - Dazzling Spray                 Conjuration/Hexes            3
Comestibles
 d - 3 bread rations
 j - a royal jelly
 n - 4 fruits


   Skills:
 - Level 5.1 Short Blades
 - Level 2.0 Dodging
 - Level 8.1 Stealth
 + Level 2.6 Spellcasting
 - Level 3.0 Hexes


You had 6 spell levels left.
You knew the following spells:

 Your Spells              Type           Power        Failure   Level  Hunger
a - Ensorcelled Hibernat  Hex/Ice        #.....       17%         2    ##.....
b - Confuse               Hex            ##......     21%         3    ###....
v - Corona                Hex            ##.....      8%          1    #......


Dungeon Overview and Level Annotations

Branches:
Dungeon (5/15)             Temple (0/1) D:4

Altars:
Ashenzari
Elyvilon
Gozag
Ru
The Shining One

Annotations:
D:3 exclusion: downstairs
D:4 exclusion: downstairs, Fizybubbleh's ghost, experienced HuEn; Menkaure
D:5 PeterLawrence's ghost, experienced GrFi


Message History

You take 2 damage, and have 29/78 hp.
You hit Fizybubbleh's ghost.
You feel sick.
Fizybubbleh's ghost hits you but does no damage.
You are more poisoned.
You take 1 damage, and have 28/78 hp.
You swing at nothing.
You feel sick.
You take 2 damage, and have 26/78 hp.
You barely miss Fizybubbleh's ghost.
You feel sick.
Fizybubbleh's ghost hits you but does no damage.
You take 1 damage, and have 25/78 hp.
You swing at nothing.
You feel sick.
Fizybubbleh's ghost hits you but does no damage.
You are lethally poisoned!
You take 1 damage, and have 24/78 hp.
Drink which item? (? for menu, Esc to quit)
Okay, then.
Drink which item? (? for menu, Esc to quit)
You don't have any such object.
Drink which item? (? for menu, Esc to quit)
Okay, then.

#...†## # #.†.##
##..# #..#########
##..#<.......
#............
###............
####.W...........#
###...♣#.........###
####...#####.......##
####...#### ##....###
#.>.#### #..### #####
##.## #..# ##.# ###


You could see Fizybubbleh's ghost.

Vanquished Creatures
  Sigmund (D:5)
  A hippogriff (D:5)
  An ice beast (D:5)
  2 ogres (D:5)
  A crimson imp (D:5)
  2 orc priests (D:5)
  3 worker ants
  A gnoll (D:4)
  3 adders
  A shadow imp (D:5)
  A worm (D:3)
  An adder skeleton (D:4)
  An adder zombie (D:5)
  3 giant geckos
  9 orcs
  12 bats
  2 bat skeletons
  6 giant cockroaches
  8 goblins
  16 hobgoblins
  5 jackals
  A quokka (D:2)
  3 giant newts
  18 kobolds
  4 rats
106 creatures vanquished.

Notes
Turn   | Place    | Note
--------------------------------------------------------------
     0 | D:1      | Fizybubbleh the Human Enchanter began the quest for the Orb.
     0 | D:1      | Reached XP level 1. HP: 13/13 MP: 3/3
   204 | D:1      | Reached XP level 2. HP: 19/19 MP: 5/5
   707 | D:1      | Learned a level 2 spell: Ensorcelled Hibernation
   960 | D:2      | Reached XP level 3. HP: 24/24 MP: 1/6
  1756 | D:3      | Found a sacrificial altar of Ru.
  1763 | D:3      | Reached XP level 4. HP: 30/30 MP: 4/7
  1822 | D:3      | Became a worshipper of Ru the Awakened
  2132 | D:3      | Found a shattered altar of Ashenzari.
  2139 | D:3      | Fell from the grace of Ru
  2139 | D:3      | Became a worshipper of Ashenzari the Shackled
  2384 | D:3      | Reached skill level 4 in Short Blades
  2469 | D:3      | Found an opulent altar of Gozag.
  2611 | D:3      | Found a glowing golden altar of the Shining One.
  3111 | D:4      | Reached XP level 5. HP: 35/35 MP: 5/8
  3151 | D:4      | Noticed Fizybubbleh's ghost (experienced HuEn)
  3211 | D:4      | Noticed Menkaure
  3291 | D:3      | Learned a level 3 spell: Confuse
  3808 | D:4      | Reached skill level 5 in Short Blades
  3832 | D:4      | Found a staircase to the Ecumenical Temple.
  3876 | D:4      | Noticed a hungry ghost
  4231 | D:4      | Found a white marble altar of Elyvilon.
  4569 | D:5      | Entered Level 5 of the Dungeon
  4638 | D:5      | Noticed an ogre
  4651 | D:5      | Reached XP level 6. HP: 41/41 MP: 9/9
  4659 | D:5      | Killed an ogre
  4798 | D:5      | Noticed Sigmund
  4801 | D:5      | Killed Sigmund
  4801 | D:5      | Reached skill level 6 in Stealth
  4801 | D:5      | Reached XP level 7. HP: 46/46 MP: 10/10
  4965 | D:5      | Noticed an ogre
  4998 | D:5      | Killed an ogre
  5282 | D:5      | Noticed a hippogriff
  5290 | D:5      | Killed a hippogriff
  5290 | D:5      | Reached skill level 7 in Stealth
  5610 | D:5      | Found a white marble altar of Elyvilon.
  5759 | D:5      | Reached XP level 8. HP: 46/52 MP: 2/11
  5847 | D:5      | Reached skill level 8 in Stealth
  6018 | D:5      | Noticed PeterLawrence's ghost (experienced GrFi)
  6286 | D:4      | Quit the game

Vault maps used:
D:1:      dpeg_arrival_tiny_k, hangedman_abyss_or_decor_lesser_grid
D:2:      minivault_27
D:3:      lemuel_doored_altar, nicolae_ru_awakened_eye, evilmike_ruin_ashenzari,
          nicolae_overflow_hidden_temple, serial_park_tiny_1
D:4:      old_standard_altar, temple_fountains, first_bread, bh_walls_and_bars,
          uniq_menkaure
D:5:      basic_altar, uniq_sigmund

Action                   |  1- 3 |  4- 6 |  7- 9 || total
-------------------------+-------+-------+-------++-------
Melee: Dagger            |    91 |   200 |   110 ||   401
 Cast: Ensorcelled Hiber |    18 |    33 |    10 ||    61
       Corona            |     3 |       |       ||     3
       Confuse           |       |     3 |    11 ||    14
Evoke: Wand              |       |       |     3 ||     3
  Use: Scroll            |     1 |     8 |     1 ||    10
       Potion            |       |     1 |     6 ||     7
 Stab: Sleeping          |    18 |    22 |     5 ||    45
       Distracted        |     1 |       |     1 ||     2
       Confused          |       |       |     3 ||     3
  Eat: Chunk             |     4 |     9 |     2 ||    15
       Fruit             |       |     3 |       ||     3
       Royal jelly       |       |     2 |       ||     2
       Beef jerky        |       |     1 |     1 ||     2
       Meat ration       |       |       |     1 ||     1
